 Dungeon Crawl Stone Soup version 0.23.2-40-g277498a001 (webtiles) character file.

Game seed: 11043368387785385399

2554 Felnil the Fighter (level 9, 0/77 HPs)
             Began as a Mummy Fighter on Aug 13, 2019.
             Was an Initiate of Ru.
             Slain by a two-headed ogre
             ... wielding a +0 giant club
              (10 damage)
             ... on level 7 of the Dungeon.
             The game lasted 00:20:16 (7039 turns).

Felnil the Fighter (Mummy Fighter)                  Turns: 7039, Time: 00:20:16

Health: 0/77       AC: 24    Str: 22    XL:     9   Next: 31%
Magic:  9/9        EV:  4    Int:  8    God:    Ru [......]
Gold:   584        SH: 10    Dex: 11    Spells: 8/8 levels left

rFire    x . .     SeeInvis .   g - +3 short sword (elec)
rCold    + . .     Gourm    .   c - +0 shield
rNeg     + + +     Faith    .   v - +1 plate armour
rPois    ∞         Spirit   .   n - +1 helmet
rElec    .         Reflect  .   e - scarf {repulsion}
rCorr    .         Harm     .   (no gloves)
MR       +....                  (no boots)
Stlth    ..........             u - amulet of magic regeneration
HPRegen  0.22/turn              i - +6 ring of protection
MPRegen  0.36/turn              q - +3 ring of protection

@: repel missiles
A: no food or potions, fire vulnerability, cold resistance 1, negative energy
resistance 3, torment resistance, unbreathing
a: Renounce Religion


You were on level 7 of the Dungeon.
You worshipped Ru.
Ru was noncommittal.
You were not hungry.

You visited 2 branches of the dungeon, and saw 9 of its levels.
You also visited: Sewer and Ossuary.

You collected 584 gold pieces.

Inventory:

Hand Weapons
 a - a +0 war axe
 f - a +1 dagger of speed
 g - a +3 short sword of electrocution (weapon)
 m - a +2 dagger of draining
 p - a +6 hand axe
Armour
 c - a +0 shield (worn)
 e - a scarf of repulsion (worn)
 h - a +1 scale mail
 n - a +1 helmet (worn)
 o - a +2 hat
 v - a +1 plate armour (worn)
Jewellery
 i - a +6 ring of protection (left hand)
 k - an uncursed ring of see invisible
 q - a +3 ring of protection (right hand)
 r - an uncursed ring of magical power
 s - an uncursed ring of magical power
 u - an amulet of magic regeneration (around neck)
 x - an uncursed ring of wizardry
Wands
 t - a wand of random effects (21)
Scrolls
 b - 2 scrolls of fear
 d - 10 scrolls of teleportation
 j - 3 scrolls of remove curse
 l - 5 scrolls of identify
 w - 2 scrolls of fog


   Skills:
 * Level 9.5 Fighting
 - Level 1.5 Axes
 + Level 5.7 Armour
 + Level 5.8 Shields


You had 8 spell levels left.
You didn't know any spells.
Your spell library contained the following spells:

 Spells                   Type           Power        Failure   Level  Hunger
 Animate Skeleton         Necr           N/A          100%        1    N/A
 Apportation              Tloc           #.....       100%        1    N/A
 Pain                     Necr           #...         100%        1    N/A
 Summon Butterflies       Summ           #.......     100%        1    N/A
 Lesser Beckoning         Tloc           #.........   100%        3    N/A
 Tukima's Dance           Hex            #.......     100%        3    N/A
 Vampiric Draining        Necr           #.........   100%        3    N/A
 Animate Dead             Necr           N/A          100%        4    N/A
 Alistair's Intoxication  Tmut/Pois      #.......     100%        5    N/A
 Invisibility             Hex            #.......     100%        6    N/A
 Regeneration             Chrm/Necr      Unusable     N/A         3    N/A

Dungeon Overview and Level Annotations

Branches:
Dungeon (8/15)             Temple (1/1) D:7
   Lair: D:8-11

Altars:
Cheibriados
Elyvilon
Kikubaaqudgha
Makhleb
Nemelex Xobeh
Okawaru
Ru
Sif Muna
Trog
Uskayaw
Vehumet
Wu Jian
Xom
Yredelemnul
The Shining One

Shops:
D:5 %*   D:7 %


Innate Abilities, Weirdness & Mutations

You do not eat or drink.
Your flesh is vulnerable to fire.
You are immune to poison.
Your flesh is cold resistant. (rC+)
You are immune to negative energy. (rN+++)
You are immune to unholy pain and torment.
You can survive without breathing.


Message History

Aiming: Random Effects
Press: ? - help, Shift-Dir - straight line, f - two-headed ogre
Aim: a two-headed ogre, wielding a +0 giant club and a +0 dire flail (moderately wounded)
The bolt of negative energy hits the two-headed ogre!
The two-headed ogre is drained!
The two-headed ogre is severely wounded.
The bolt of negative energy hits the orc!
The orc is drained!
You kill the orc!
You barely miss the two-headed ogre.
The two-headed ogre is severely wounded.
You block the two-headed ogre's attack.
The two-headed ogre hits you but does no damage.
You puncture the two-headed ogre!
The two-headed ogre is almost dead.
The two-headed ogre barely misses you. You block the two-headed ogre's attack.
You hit the two-headed ogre.
The two-headed ogre is almost dead.
The two-headed ogre hits you with a +0 giant club!
You die...

#.##......#
#..# #.#####.#
#.#####.#.#
#..###<#..)..#
##.###.##.#
#...(.....)..##
##...###.#
#........#)....
##### #.#
######.#.###.##
#.# #.#.>...#
#.# #.#######
#.#########.#
#..@Oo...)..#
#############


You could see a two-headed ogre and an orc.

Vanquished Creatures
  Joseph (D:7)
  Grinder (D:3)
  Sigmund (D:3)
  Eustachio (D:4)
  Duvessa (D:5)
  A black bear (D:6)
  An ogre (D:4)
  A crocodile (Sewer)
  A big kobold (D:7)
  Dowan (D:5)
  A scorpion (D:7)
  A howler monkey (D:7)
  2 hounds
  Crazy Yiuf (D:2)
  4 orc priests
  A gnoll shaman (D:4)
  2 bullfrog skeletons
  Jessica (D:2)
  8 orc wizards
  Natasha (thrice) (D:2)
  4 worker ants
  A hound skeleton (D:6)
  8 mummies (Ossuary)
  Robin (D:3)
  4 gnolls (D:4)
  8 adders
  4 shadow imps
  An adder zombie (D:6)
  An adder skeleton (D:4)
  3 worms
  A dart slug (D:3)
  11 leopard geckos
  28 orcs
  A ball python (D:1)
  11 giant cockroaches
  A gnoll zombie (Ossuary)
  17 hobgoblins
  14 jackals
  6 kobolds
  4 quokkas
  9 bats
  10 frilled lizards
  11 goblins
  3 hobgoblin zombies (Ossuary)
  4 kobold zombies (Ossuary)
  3 quokka skeletons
  4 rats
207 creatures vanquished.

Notes
Turn   | Place    | Note
-------+----------+-------------------------------------------
     0 | D:1      | Felnil the Mummy Fighter began the quest for the Orb.
     0 | D:1      | Reached XP level 1. HP: 18/18 MP: 1/1
   244 | D:1      | Reached XP level 2. HP: 23/24 MP: 2/2
   834 | D:1      | Reached XP level 3. HP: 30/30 MP: 3/3
  1001 | D:2      | Noticed Natasha
  1009 | D:2      | Killed Natasha
  1009 | D:2      | Reached skill level 4 in Fighting
  1071 | D:2      | Reached XP level 4. HP: 37/37 MP: 4/4
  1083 | D:2      | Noticed Jessica
  1090 | D:2      | Killed Jessica
  1199 | D:2      | Noticed Natasha
  1202 | D:2      | Killed Natasha
  1261 | D:2      | Reached XP level 5. HP: 43/43 MP: 5/5
  1283 | D:2      | Found a basalt altar of Yredelemnul.
  1395 | D:2      | Noticed Natasha
  1414 | D:2      | Killed Natasha
  1537 | D:2      | Found a burning altar of Makhleb.
  1539 | D:2      | Found a hide-covered altar of Uskayaw.
  1539 | D:2      | Found a radiant altar of Vehumet.
  1541 | D:2      | Found a white marble altar of Elyvilon.
  1749 | D:2      | Found a runed translucent door.
  1750 | D:2      | Noticed Crazy Yiuf
  1977 | D:2      | Killed Crazy Yiuf
  1977 | D:2      | Reached skill level 5 in Fighting
  2096 | D:3      | Noticed Sigmund
  2118 | D:3      | Killed Sigmund
  2118 | D:3      | Reached XP level 6. HP: 20/52 MP: 6/6
  2383 | D:3      | Noticed Grinder
  2385 | D:3      | Found a snail-covered altar of Cheibriados.
  2406 | D:3      | Paralysed by Grinder for 3 turns
  2415 | D:3      | Killed Grinder
  2415 | D:3      | Reached skill level 6 in Fighting
  2415 | D:3      | Reached XP level 7. HP: 30/58 MP: 7/7
  2851 | D:3      | Noticed Robin
  2879 | D:3      | Killed Robin
  3468 | D:4      | Noticed Eustachio
  3490 | D:4      | Killed Eustachio
  3490 | D:4      | Reached skill level 7 in Fighting
  3556 | D:4      | Reached XP level 8. HP: 66/67 MP: 8/8
  4046 | D:5      | Entered Level 5 of the Dungeon
  4072 | D:5      | Found Qureim's Food Shoppe.
  4137 | D:5      | Found a glowing drain.
  4148 | Sewer    | Entered a sewer
  4207 | Sewer    | Reached skill level 8 in Fighting
  4398 | D:5      | Noticed Duvessa
  4401 | D:5      | Noticed Dowan
  4410 | D:5      | Killed Duvessa
  4410 | D:5      | Reached skill level 5 in Armour
  4410 | D:5      | Reached skill level 5 in Shields
  4417 | D:5      | Killed Dowan
  4634 | D:5      | Found Jamor's General Store.
  5498 | D:6      | Found a sand-covered staircase.
  5524 | Ossuary  | Entered an ossuary
  6178 | D:6      | Reached skill level 9 in Fighting
  6178 | D:6      | Reached XP level 9. HP: 63/76 MP: 9/9
  6351 | D:7      | Found Wybal's Food Emporium.
  6379 | D:7      | Found a staircase to the Ecumenical Temple.
  6405 | Temple   | Entered the Ecumenical Temple
  6411 | Temple   | Became a worshipper of Ru the Awakened
  6755 | D:7      | Noticed Joseph
  6767 | D:7      | Killed Joseph
  6857 | D:7      | Found a shimmering altar of Xom.
  6934 | D:7      | Found an ornate altar of the Wu Jian Council.
  7015 | D:8      | Noticed a two-headed ogre
  7039 | D:7      | Slain by a two-headed ogre

Skill      XL: |  1  2  3  4  5  6  7  8 |
---------------+-------------------------+-----
Fighting       | 4 5 6 7 9 |  9.5
Armour         | 3 4 5 |  5.7
Shields        | 3 4 5 |  5.8
Axes           | |  1.5

Action                   |  1- 3 |  4- 6 |  7- 9 || total
-------------------------+-------+-------+-------++-------
Melee: War axe           |    68 |       |       ||    68
       Short sword       |    26 |    93 |   529 ||   648
Evoke: Wand              |       |       |     1 ||     1
  Use: Scroll            |       |     3 |     9 ||    12
Armor: Scale mail        |    55 |    35 |   162 ||   252
       Plate armour      |       |       |   149 ||   149
Dodge: Dodged            |    49 |    25 |   121 ||   195
       Deflected         |       |       |     3 ||     3
Block: Shield            |    61 |    34 |   306 ||   401
